 Dungeon Crawl Stone Soup version 0.13-a0-1590-g33f0eee (webtiles) character file.

428 Holden the Caller (level 6, -2/39 HPs)
             Began as a Mummy Wizard on June 13, 2013.
             Slain by Dowan
             ... wielding a +0,+1 elven dagger of electrocution
              (24 damage)
             ... on Level 4 of the Dungeon.
             The game lasted 00:21:09 (5414 turns).

Holden the Caller (Mummy Wizard)                    Turns: 5414, Time: 00:21:09

HP  -2/39        AC 10     Str 10      XL: 6   Next: 15%
MP   1/14        EV 12     Int 19      God:
Gold 125         SH  0     Dex 10      Spells:  4 memorised,  3 levels left

Res.Fire  : x . .   See Invis. : .   h - +0,+1 orc mace (protect)
Res.Cold  : + . .   Warding    : .   a - +0 robe
Life Prot.: + + +   Conserve   : .   (no shield)
Res.Poison: +       Res.Corr.  : .   b - +0 wizard hat
Res.Elec. : .       Clarity    : .   f - +2 cloak {MR+}
Sust.Abil.: . .     Spirit.Shd : .   (no gloves)
Res.Mut.  : .       Stasis     : .   (no boots)
Res.Rott. : +       Flight     : .   (no amulet)
Saprovore : . . .                    (no ring)
                                     j - ring of protection from magic {unknown}

@: very resistant to hostile enchantments, unstealthy
A: no food or potions, fire vulnerability, restore body, cold resistance 1, life
protection 3, poison resistance, torment resistance, unbreathing
a: no special abilities


You were on level 4 of the Dungeon.
You were not hungry.

You visited 1 branch of the dungeon, and saw 4 of its levels.

You collected 105 gold pieces.

Inventory:

Hand weapons
 e - a -1,+1 orcish short sword
 g - a +1,+0 sling
 h - a +0,+1 orcish mace of protection (weapon)
 m - a +2,+2 whip of pain
 r - a +0 orcish blowgun
Missiles
 i - 8 exploding sling bullets
 k - 19 sling bullets
 s - 24 poisoned needles
Armour
 a - a +0 robe (worn)
 b - a +0 wizard hat (worn)
 f - a +2 cloak of magic resistance (worn)
Magical devices
 n - a wand of enslavement (15)
Scrolls
 d - 2 scrolls of recharging
 l - a scroll of remove curse
 o - a scroll of fear {unknown}
 p - a scroll of fog {unknown}
 q - a scroll of teleportation
Jewellery
 j - a ring of protection from magic (left hand) {unknown}
 t - a -3 ring of protection
Books
 c - a book of Minor Magic

   Spells                             Type                      Level
   *Magic Dart                        Conjuration                  1
   *Blink                             Translocation                2
   *Call Imp                          Summoning                    2
   Repel Missiles                     Charms/Air                   2
   Slow                               Hexes                        2
   Conjure Flame                      Conjuration/Fire             3
   *Mephitic Cloud                    Conjuration/Poison/Air       3


   Skills:
 - Level 1.5 Dodging
 - Level 1.5 Stealth
 - Level 3.0 Spellcasting
 - Level 2.3 Conjurations
 + Level 4.6 Summonings
 - Level 0.7 Translocations


You had 3 spell levels left.
You knew the following spells:

 Your Spells              Type           Power        Failure   Level  Hunger
a - Magic Dart            Conj           ##..         8%          1    N/A
b - Call Imp              Summ           ###.......   4%          2    N/A
c - Mephitic Cloud        Conj/Pois/Air  #.......     34%         3    N/A
d - Blink                 Tloc           N/A          21%         2    N/A

Dungeon Overview and Level Annotations

Branches:
Dungeon (4/27)
 Temple: D:4-7

Altars:

Annotations
D:2 4 exclusions, Sigmund
D:4 Dowan


Innate Abilities, Weirdness & Mutations

You do not eat or drink.
Your flesh is vulnerable to fire.
Your flesh is cold resistant.
You are immune to negative energy.
Your system is resistant to poisons.
You are immune to unholy pain and torment.
You can survive without breathing.


Message History

Unknown command.
Your ufetubus closely misses Dowan.
Your ufetubus hits Dowan.
Your crimson imp blinks!
Dowan zaps a wand.
You resist.
Your shadow imp hits Dowan but does no damage.
Your crimson imp closely misses Dowan.
Your crimson imp blinks!
Dowan zaps a wand.
You resist.
Your ufetubus closely misses Dowan.
Your ufetubus misses Dowan.
Your shadow imp closely misses Dowan.
Your white imp gestures at Dowan.
The puff of frost hits Dowan.
Your crimson imp grins impishly at you.
Your crimson imp misses Dowan.
You hit Dowan.
Dowan is severely wounded.
Your ufetubus barely misses Dowan.
Your ufetubus closely misses Dowan.
Dowan hits you with an elven dagger of electrocution.
You are electrocuted!
Ouch! That really hurt!
You die...

########..# #.######..# #
#.........# #.........#
###.####.##.# #.#######.#
........#.#.# #.#
.....#.###..#######.#
......#####.........######
........##.#.#.555..$..).#
.)......#......5e#######...#
.........#.....#@..5...###...#
##...###.#.###...#####.# #.##
##...###.#.##...## e..
.........#.##.### ...
###.####.#.##. . #.# #.#.##
#.# #.#.# #.# #.#. #.# #.#


You could see Dowan, friendly 2 crimson imps, a friendly white imp, a friendly
shadow imp and a friendly ufetubus.

Vanquished Creatures
  A worker ant (D:4)
  Ijyb (D:2)
  2 adders
  A giant mite (D:2)
  A giant gecko (D:1)
  An ooze (D:2)
  5 bats
  5 giant cockroaches
  9 goblins
  12 hobgoblins
  12 kobolds
  5 giant newts
  9 rats
64 creatures vanquished.

Vanquished Creatures (collateral kills)
  An ice beast (D:4)
  Duvessa (D:4)
  A crimson imp (D:4)
  Crazy Yiuf (D:2)
  A worker ant (D:4)
  2 adders (D:2)
  4 gnolls (D:3)
  2 giant eyeballs (D:4)
  2 giant cockroaches (D:2)
  4 hobgoblins
  4 jackals (D:4)
  2 kobolds
  A bat (D:4)
  A giant newt (D:2)
  A rat (D:3)
28 creatures vanquished.

Vanquished Creatures (others)
  5 crimson imps
  A hound (D:4)
  A worker ant (D:4)
  4 shadow imps
  A white imp (D:4)
12 creatures vanquished.

Grand Total: 104 creatures vanquished

Notes
Turn   | Place    | Note
--------------------------------------------------------------
     0 | D:1      | Holden, the Mummy Wizard, began the quest for the Orb.
     0 | D:1      | Reached XP level 1. HP: 11/11 MP: 5/5
     5 | D:1      | Reached skill level 1 in Conjurations
   389 | D:1      | Reached XP level 2. HP: 10/17 MP: 4/7
   518 | D:1      | Learned a level 2 spell: Call Imp
  1183 | D:1      | Reached skill level 1 in Summonings
  1269 | D:1      | Reached XP level 3. HP: 19/22 MP: 9/9
  1570 | D:2      | Noticed Sigmund
  2154 | D:2      | Learned a level 3 spell: Mephitic Cloud
  2451 | D:2      | Noticed Crazy Yiuf
  2779 | D:2      | Killed Crazy Yiuf
  3036 | D:2      | Learned a level 2 spell: Blink
  3372 | D:2      | Noticed Ijyb
  3444 | D:2      | Killed Ijyb
  3444 | D:2      | Reached XP level 4. HP: 28/28 MP: 1/11
  4719 | D:3      | Reached XP level 5. HP: 33/33 MP: 9/12
  5002 | D:4      | Paralysed by a giant eyeball for 2 turns
  5120 | D:4      | Noticed an ice beast
  5155 | D:4      | Killed an ice beast
  5155 | D:4      | Reached skill level 4 in Summonings
  5205 | D:4      | Paralysed by a giant eyeball for 4 turns
  5374 | D:4      | Noticed Duvessa
  5375 | D:4      | Paralysed by a giant eyeball for 4 turns
  5377 | D:4      | Noticed Dowan
  5387 | D:4      | Killed Duvessa
  5387 | D:4      | Reached XP level 6. HP: 36/39 MP: 5/14
  5389 | D:4      | Paralysed by a giant eyeball for 4 turns
  5414 | D:4      | Slain by Dowan

Action                   |  1- 3 |  4- 6 || total
-------------------------+-------+-------++-------
Melee: Unarmed           |     1 |       ||     1
       Mace              |    24 |    12 ||    36
 Fire: Sling             |     1 |       ||     1
 Cast: Magic Dart        |   120 |    44 ||   164
       Call Imp          |    17 |    48 ||    65
       Mephitic Cloud    |     1 |       ||     1
Evoke: Wand              |       |     3 ||     3
  Use: Scroll            |     6 |     2 ||     8
